[Event "26th Hit Open-A 2022"]
[Site "Nova Gorica"]
[Date "2022.09.17"]
[Round "2.27"]
[White "Bajo, Tin"]
[Black "Zamar Kodelja, Jurij"]
[Result "0-1"]
[ECO "B06"]
[WhiteElo "1999"]
[BlackElo "2241"]
[Annotator "TA"]
[PlyCount "82"]
[EventDate "2022.09.16"]
[EventType "swiss"]
[EventCountry "SLO"]
[SourceTitle "playchess.com"]
[Source "ChessBase"]
[SourceQuality "1"]
[TimeControl "5400+30"]

1. e4 g6 2. d4 Bg7 3. Nc3 d6 4. Be3 a6 5. Qd2 b5 6. f3 Nd7 7. h4 h5 {[%emt 0:04:55] 7...Ngf6 is the recent fashion.} 8. Nh3 Bb7 9. Ng5 {[%emt 0:00:45] B06: Modern Defence.} Rc8 (9... Ngf6 $11) 10. O-O-O (10. a4 $5 ) 10... c5 11. dxc5 {[%emt 0:03:28] White is slightly better.} (11. e5 $5 cxd4 12. e6 fxe6 13. Bxd4 $11) 11... Nxc5 12. Bd4 Nf6 13. Kb1 Qc7 14. Be2 Ncd7 15. a3 Ne5 (15... Bh6 $14) 16. f4 $16 ({But not} 16. Bxe5 $6 dxe5 17. a4 bxa4 $11) 16... Ned7 {[%emt 0:00:58] [#]} (16... Neg4 $16) 17. Qe3 $146 (17. Rhf1 $18) ({Predecessor:} 17. Bf3 e5 18. Be3 exf4 19. Bxf4 Ne5 20. Qxd6 Qxd6 21. Rxd6 Nfg4 22. Rb6 Rxc3 23. bxc3 {1-0 (49) Balin,J (2302)-Petran,P (2361) Czech Republic 2010}) 17... e5 $11 18. fxe5 dxe5 19. Ba7 O-O 20. Qf2 Nc5 (20... Bh6 $5 ) 21. Bxc5 Qxc5 22. Qxc5 Rxc5 23. Bd3 {[%emt 0:03:08] [#]} (23. Rhf1 $11 {keeps the balance.}) 23... Bh6 $1 $17 24. Nh3 Kg7 25. Nf2 Be3 26. Rdf1 Rd8 27. Ncd1 Bh6 {[%emt 0:00:21] Black has more active pieces. A strong pair of Bishops.} 28. Re1 Rd4 29. Re2 Rc7 30. Nc3 b4 31. axb4 Rxb4 32. Na2 Rb6 33. Ka1 Bc8 34. b3 Be6 {[%emt 0:00:15] Against Bc4} 35. Kb2 Nd7 {[%emt 0:00:37] And now ...Nc5 would win.} 36. Nc1 $2 {[%emt 0:02:06] Now White is beyond hope.} (36. Nc3 $17 {was the only defense.}) 36... Nc5 $19 37. Rd1 Bxc1+ 38. Rxc1 $2 {[%emt 0:00:57] [#]} (38. Kxc1 Nxb3+ 39. Kb2 Nd4+ 40. Kc1) 38... Nxb3 $1 {[%emt 0:00:15][%mdl 512] ( -> ...Na5+)} 39. cxb3 (39. Rd1 Nd4+) 39... Rxb3+ {[%emt 0:00:06] Black mates.} 40. Ka2 Rxc1 41. Bc2 Rb5+ {[%emt 0:00:21] Weighted Error Value: White=0.69/Black=0.24 (precise)} 0-1

[Event "26th Hit Open-A 2022"]
[Site "Nova Gorica"]
[Date "2022.09.17"]
[Round "2.28"]
[White "Kepplinger, Lukas"]
[Black "Acimovic, Vasja"]
[Result "0-1"]
[ECO "E14"]
[WhiteElo "1994"]
[BlackElo "2237"]
[Annotator "TA"]
[PlyCount "68"]
[EventDate "2022.09.16"]
[EventType "swiss"]
[EventCountry "SLO"]
[SourceTitle "playchess.com"]
[Source "ChessBase"]
[SourceQuality "1"]
[TimeControl "5400+30"]

1. d4 d5 2. c4 e6 3. Nf3 Nf6 4. Nc3 Be7 5. e3 O-O 6. Bd3 b6 7. cxd5 exd5 8. O-O Bb7 9. Qc2 Nbd7 $1 {[%emt 0:01:09] The main line 9...Nbd7 scores better than 9...c5. E14: Queen's Indian: Classical Variation (4 e3).} 10. b3 Re8 11. Bb2 a6 {[%emt 0:01:12] The position is equal.} 12. Rfe1 {[%emt 0:01:34] [#]} Ne4 $146 ({Predecessor:} 12... Bd6 13. Rac1 Nf8 14. a3 Qd7 15. Bf5 Qd8 16. b4 g6 17. Bh3 b5 18. Qb3 N8d7 {1-0 (43) Bezrukov,I (1604)-Aleksandrov,V (1867) Voronezh 2015}) 13. Ne5 Ndf6 14. f3 Nxc3 15. Qxc3 c5 16. Rac1 Rc8 17. Qd2 Bd6 18. Bf5 Rc7 19. a3 Rce7 20. Rc2 b5 21. Nd3 (21. Bc3 $11) 21... c4 $15 22. Nc5 ({White should try} 22. Ne5) 22... Bc8 $17 23. Bxc8 Qxc8 24. b4 {[%emt 0:01:02] [#]} (24. Rcc1 $17) 24... Bf4 $1 $36 {[%emt 0:04:10][%mdl 2560] White is under strong pressure.} 25. Rc3 Qf5 (25... Qb8 $19 26. g4 Qd6) 26. Qf2 $2 {[%emt 0:01:49][%mdl 8192] [#] Now White is beyond hope.} (26. Bc1 $17) 26... Bxh2+ $1 $19 27. Kf1 ({Worse is} 27. Kxh2 Ng4+ 28. Kg3 Nxf2) 27... Qg6 {[%emt 0:02:23] Threatens to win with ...Bg3.} 28. g4 Bd6 {[%emt 0:00:21] Strongly threatening ...h5.} ({Weaker is} 28... Qh6 29. g5 Qxg5 30. Qxh2 $14) 29. Kg2 (29. Qg2 $142 h5 30. gxh5 Qxh5 31. Kg1) 29... h5 {[%emt 0:00:30][%cal Of6g4] ...Nxg4! is the strong threat. Black is clearly winning.} 30. Rh1 hxg4 31. f4 g3 32. Qf3 Bxc5 33. bxc5 a5 34. Bc1 Qe4 {[%emt 0:01:47] Weighted Error Value: White=0.70/Black=0.42} 0-1

[Event "26th Hit Open-A 2022"]
[Site "Nova Gorica"]
[Date "2022.09.17"]
[Round "2.29"]
[White "Garsky, Vladyslav"]
[Black "Charaus, Florian"]
[Result "1-0"]
[ECO "B10"]
[WhiteElo "2229"]
[BlackElo "1993"]
[Annotator "TA"]
[PlyCount "69"]
[EventDate "2022.09.16"]
[EventType "swiss"]
[EventCountry "SLO"]
[SourceTitle "playchess.com"]
[Source "ChessBase"]
[SourceQuality "1"]
[TimeControl "5400+30"]

1. e4 c6 2. c4 d5 3. exd5 cxd5 4. cxd5 Nf6 5. Qa4+ Nbd7 6. Nc3 g6 7. Bc4 Bg7 {[%emt 0:00:09][%mdl 1024] Black has compensation.} 8. Nf3 {[%emt 0:00:08] B10: Caro-Kann: 2 d3 and 2 c4.} O-O 9. d3 a6 {[%emt 0:00:06] Strongly threatening ...b5.} 10. Qa3 {[%emt 0:00:26] The position is equal.} b6 11. O-O Bb7 12. Re1 Re8 13. Ng5 Rc8 14. d6 (14. Bxa6 $2 Ra8 15. d6 (15. Bxb7 $2 Rxa3 16. bxa3 Qc7 $19) 15... e6 $19) (14. Be3 $11) 14... e6 $17 15. Bd2 {[%emt 0:06:19][%cal Re1e6] [#]} (15. Bxa6 $2 Ra8 16. d4 (16. Bxb7 $2 Rxa3 17. bxa3 Ng4 $19) 16... Rxa6 $19) 15... h6 $146 ({Predecessor:} 15... Bf8 16. Rac1 b5 17. Bb3 Nc5 18. Nce4 Nfxe4 19. Nxe4 Bxe4 20. dxe4 Bxd6 21. e5 Bf8 {½-½ (37) Miezis,N (2463)-De Schampheleire,G (2347) Charleroi 2018}) 16. Nge4 Nxe4 17. Nxe4 Bxe4 18. Rxe4 b5 19. Bb3 Nc5 20. Re2 Qxd6 21. d4 (21. Bb4 $142) 21... Nb7 (21... Bxd4 22. Bxh6 e5 23. Rf1 $15) (21... Qxd4 $17 22. Be3 Qe4) 22. Bb4 {[%emt 0:01:14] [#]} (22. Rd1 $15) 22... Qb6 $1 (22... Qxd4 23. Qxa6 Qxb4 24. Qxb7 $15) 23. d5 {[%emt 0:10:33] [#]} (23. Bc2 $17 {was necessary.}) 23... a5 $1 $19 24. dxe6 fxe6 (24... Kh7 $19 25. Rae1 axb4 26. Qxb4 Nc5) 25. Be7 $17 b4 $2 {[%emt 0:04:54][%mdl 8192] A mistake that costs the game.} (25... Rc6 $17 {aiming for ...b4.} 26. Rae1 b4 27. Rxe6 (27. Bxe6+ $2 Kh8 $19) 27... bxa3 28. Rxc6+ Qxb3 29. axb3 axb2) 26. Rxe6 $18 Qxf2+ 27. Kxf2 bxa3 28. Bxa3 {[%emt 0:06:43] Threatens to win with Rxe8+. This bishop pair is nice.} (28. Rxg6+ Kh7 29. Rxg7+ Kxg7 30. Bxa3 Nc5 $17) 28... Bd4+ 29. Kf3 {[%emt 0:01:00] White threatens Rxe8+ and mate.} Kg7 30. Rd1 a4 $2 (30... Rxe6 31. Bxe6 Rd8) 31. Rxd4 {[%emt 0:04:58] White is winning.} axb3 32. Rd7+ Kh8 33. Rxe8+ ({Stronger than} 33. Rxb7 Rxe6 34. Rxb3 Ra8 $15) ({Don't play} 33. Rxg6 bxa2 34. Rxh6+ Kg8 $18) 33... Rxe8 34. axb3 ({But not} 34. Rxb7 $2 bxa2 35. Re7 Rxe7 36. Bxe7 a1=Q $19) 34... Na5 35. Bb4 {[%emt 0:00:23] Weighted Error Value: White=0.22 (precise) /Black=0.41} 1-0

[Event "26th Hit Open-A 2022"]
[Site "Nova Gorica"]
[Date "2022.09.17"]
[Round "2.30"]
[White "Vah, Denis"]
[Black "Saypuri Srithan"]
[Result "1/2-1/2"]
[ECO "D31"]
[WhiteElo "1988"]
[BlackElo "2199"]
[Annotator "TA"]
[PlyCount "46"]
[EventDate "2022.09.16"]
[EventType "swiss"]
[EventCountry "SLO"]
[SourceTitle "playchess.com"]
[Source "ChessBase"]
[SourceQuality "1"]
[TimeControl "5400+30"]

1. d4 d5 2. c4 e6 3. Nc3 Bb4 4. cxd5 exd5 5. Bf4 c6 6. Nf3 {[%emt 0:04:44] D31: Queen's Gambit Declined: Semi-Slav without ...Nf6 (+ Marshall Gambit and Noteboom) and Exchange Variation lines without ...Nf6.} Ne7 7. Rc1 O-O 8. e3 {[%emt 0:00:48] [#]} Ng6 $146 ({Predecessor:} 8... Bd6 9. Bg3 Re8 10. Bd3 Bf5 11. Ne5 Bxd3 12. Qxd3 Ng6 13. Nf3 Qe7 14. Bxd6 Qxd6 15. O-O Nd7 16. b4 b5 17. a4 a6 18. Rb1 Nb6 {½-½ (18) Muse,M (2474)-Loeffler,S (2398) Austria 2002}) 9. Bg3 Bf5 10. Be2 Re8 11. O-O h5 (11... a5 $11) 12. h3 (12. Qb3 $5 Qe7 13. Na4 $16 (13. a3 Bxc3 14. Rxc3 h4 $11)) 12... Bd6 13. Bxd6 Qxd6 14. Ne1 h4 $1 15. Bg4 Bxg4 16. Qxg4 Nd7 17. Nd3 Nf6 18. Qd1 Re7 19. Qc2 Nd7 20. Ne2 Nb6 21. b3 Qf6 22. Kh1 Rae8 23. Ng1 Nc8 {[%emt 0:05:15] Weighted Error Value: White=0.11 (very precise) /Black=0.12 (very precise)} 1/2-1/2

[Event "26th Hit Open-A 2022"]
[Site "Nova Gorica"]
[Date "2022.09.17"]
[Round "2.31"]
[White "Cirkvencic, Franci"]
[Black "Gregoric, Andraz"]
[Result "0-1"]
[ECO "A46"]
[WhiteElo "1987"]
[BlackElo "2182"]
[Annotator "TA"]
[PlyCount "102"]
[EventDate "2022.09.16"]
[EventType "swiss"]
[EventCountry "SLO"]
[SourceTitle "playchess.com"]
[Source "ChessBase"]
[SourceQuality "1"]
[TimeControl "5400+30"]

1. d4 Nf6 2. Nf3 e6 3. g3 b5 4. Bg2 Bb7 5. O-O Be7 6. a4 {[%emt 0:03:55] A46: 1 d4 Nf6 2 Nf3 e6: Torre, London and Colle Systems.} a6 7. Nbd2 d6 8. Re1 {[%emt 0:02:19] [#] The position is equal.} c5 $146 ({Predecessor:} 8... Nbd7 9. b3 c5 10. Bb2 O-O 11. e4 cxd4 12. Nxd4 b4 13. Rc1 Nc5 14. Qe2 Re8 {½-½ (35) Pinto,D (2066)-Nieto Rodriguez,A (2182) Montevideo 2016}) 9. c4 bxc4 10. Nxc4 d5 11. Nce5 O-O 12. Qb3 {[%emt 0:17:17] [#]} (12. dxc5 {is more complex.} Bxc5 13. Qb3 Nc6 14. Nxc6 Bxc6 15. Ne5) 12... Qc7 (12... Nc6 $1 $11) 13. dxc5 (13. Bf4 $14 c4 14. Rec1) 13... Bxc5 (13... Nbd7 {keeps more tension.} 14. Bf4 Nxc5 15. Rac1 Rac8) 14. Nd3 (14. Bf4 {feels hotter.} Ne4 15. Nd3 Bd6 16. Rec1) 14... Bd6 15. Be3 Qe7 16. Nfe5 Nc6 17. Nxc6 Bxc6 18. Rec1 Rab8 19. Bb6 (19. Qc3 $11 {keeps the balance.} Rfc8 20. Qa5) 19... Rfc8 $17 {[%emt 0:01:49] And now ...a5 would win.} 20. a5 $1 Nd7 21. Rc2 Nxb6 22. axb6 Qb7 23. Rac1 Bb5 (23... Qxb6 24. Qxb6 Rxb6 25. e4 $16) ({Black should try} 23... Bd7 $1 $15 24. Rxc8+ Bxc8) 24. e4 {[%emt 0:04:45] Black keeps a firm grip on the game.} (24. Rxc8+ $11 {was the only way to keep the balance.} Rxc8 25. Rxc8+ Qxc8 26. e4) 24... Rxc2 $1 ({Don't do} 24... dxe4 25. Bxe4 $1 Rxc2 26. Bxb7 Rxc1+ 27. Nxc1 $16) 25. Qxc2 dxe4 {[%emt 0:01:49] Black is more active.} ({Not} 25... Qxb6 26. exd5 e5 27. Qc3 $15) 26. Nf4 (26. Nc5 $17 Qxb6 27. Nxe4) 26... Bxf4 27. gxf4 (27. Bxe4 $17 {only move.} Qxb6 28. gxf4) 27... f5 $19 ({Weaker is} 27... Qxb6 28. Qxe4 Be8 29. Rc2 $17) 28. Qc5 Qxb6 29. Qe5 {[%emt 0:00:04] aiming for Rc7.} Rd8 30. h4 Qd6 31. Rc8 {[%emt 0:02:35] Hoping for Qxd6.} Qd1+ 32. Kh2 {[%emt 0:00:09] [#]} Kf7 33. Qc7+ (33. Rc7+ Rd7 34. Rxd7+ Bxd7 35. Qc7) 33... Rd7 34. Qc5 Qd6 {[%emt 0:00:34] Prevents Rc7.} 35. Qe3 Qd2 36. Qg3 (36. Rc7 $142 Qxb2 37. Qc5) 36... Qxb2 37. Rh8 Rd3 38. Qg5 Qf6 39. h5 h6 40. Qxf6+ Kxf6 {[%emt 0:00:03][%mdl 4096] Endgame KRB-KRB} 41. Rf8+ Ke7 42. Rb8 Rd7 43. Rb6 Ra7 44. Kg3 Be2 {[%emt 0:00:29] Strongly threatening ...a5.} 45. Rb2 Bd3 {[%emt 0:01:32] ...a5 is the strong threat.} 46. f3 e3 {[%emt 0:00:09][%cal Be4e3,Be3e2][%mdl 32] Black mates.} 47. Rb3 e2 48. Kf2 Bc4 49. Rc3 Bb5 50. Bh3 Rd7 51. Re3 Rd1 {[%emt 0:00:29] Weighted Error Value: White=0.67/Black=0.33} 0-1

[Event "26th Hit Open-A 2022"]
[Site "Nova Gorica"]
[Date "2022.09.17"]
[Round "2.32"]
[White "Leitner, Gerald"]
[Black "Goroshkova, Liudmila"]
[Result "1-0"]
[ECO "B23"]
[WhiteElo "2181"]
[BlackElo "1961"]
[Annotator "TA"]
[PlyCount "139"]
[EventDate "2022.09.16"]
[EventType "swiss"]
[EventCountry "SLO"]
[SourceTitle "playchess.com"]
[Source "ChessBase"]
[SourceQuality "1"]
[TimeControl "5400+30"]

1. e4 c5 2. Nc3 d6 3. g3 Bd7 4. Bg2 Bc6 5. Nge2 e5 6. d3 {[%emt 0:01:25] B23: Closed Sicilian: Lines without g3.} Nf6 7. O-O Be7 {[%emt 0:00:30] [#]} 8. f4 $146 {[%emt 0:00:15] White is slightly better.} ({Predecessor:} 8. Nd5 Nxd5 9. exd5 Bd7 10. Nc3 O-O 11. f4 f6 12. Be3 Na6 13. fxe5 fxe5 14. Be4 Rxf1+ 15. Qxf1 {1-0 (44) Anta,J-Tuimil Martinez,R La Coruna 1998}) 8... Na6 9. h3 (9. Nd5 $16) 9... Nc7 $11 10. a3 O-O 11. Kh2 b5 12. Qe1 a5 13. Nd1 b4 14. Ne3 Re8 15. a4 Bf8 16. Qf2 d5 17. exd5 (17. fxe5 $14 Rxe5 18. exd5 Bxd5 19. Nxd5 Ncxd5 20. Nf4) 17... Ncxd5 18. fxe5 Rxe5 (18... Nxe3 $1 $15 19. Bxe3 (19. Qxe3 Bxg2 20. Kxg2 Qd5+ 21. Qf3 Qxe5 $17) 19... Bxg2 20. Qxg2 Rxe5) 19. Nc4 Re6 20. Nf4 Nxf4 21. Bxf4 Bxg2 22. Qxg2 Ra7 23. Rae1 Rae7 24. Rxe6 Rxe6 25. b3 Nd5 26. Bd2 Ne7 27. Re1 (27. Qf3 {feels hotter.} Rf6 28. Qe2 Re6 29. Qf2) 27... Rxe1 28. Bxe1 Nf5 29. Bf2 Qg5 $2 (29... h5 $11) 30. Qd5 (30. Nxa5 $18 {Hoping for Nc4.} g6 31. Nc4) 30... Qf6 (30... g6 $14) 31. Qe5 ({And not} 31. Nxa5 Nh4 32. Bxc5 Nf3+ 33. Kg2 Ne1+ 34. Kg1 (34. Kh2 $2 Qf1 $19) 34... Nf3+ 35. Kg2 Ne1+ 36. Kg1 (36. Kh2 $2 Qf1 $19) 36... Nf3+ 37. Kg2 $11) (31. Bxc5 $6 Bxc5 32. Qxc5 g6 $16) 31... Qxe5 32. Nxe5 $18 {[%emt 0:00:02][%mdl 4096] Endgame KBN-KBN} Bd6 33. Nc4 (33. Nc6 $1 $18 ) 33... Bc7 $16 34. Kg2 (34. Bxc5 $16 {Threatens to win with Kg2.} Nxg3 35. Kg2) 34... f6 $2 (34... Nd4 $11) 35. g4 $2 (35. Bxc5 $18 {g4 is the strong threat.} Kf7 36. g4) 35... Nd4 $14 36. Bxd4 cxd4 {[%emt 0:00:01] KB-KN} 37. Kf3 Kf7 38. Ke4 {[%emt 0:00:02] Black must now prevent Kd5.} Kg6 $2 (38... Ke6 $16 {is tougher.}) 39. Nd2 h5 40. Nf3 $1 (40. Kxd4 hxg4 41. hxg4 Kg5 $15) 40... Bb6 (40... hxg4 $2 41. hxg4 Bb6 42. Kd5 $18 (42. Nxd4 Bxd4 43. Kxd4 f5 $11)) 41. Nh4+ ({Not} 41. Nxd4 hxg4 42. hxg4 Bxd4 43. Kxd4 f5 44. gxf5+ Kxf5 $11) 41... Kg5 $1 42. Nf3+ Kg6 {[%emt 0:00:02] [#]} 43. gxh5+ ({Stronger than} 43. Nxd4 hxg4 44. hxg4 Bxd4 45. Kxd4 f5 46. gxf5+ Kxf5 $11) (43. Kd5 $1 $18 ) 43... Kxh5 $11 44. Nxd4 g6 (44... Bxd4 $11 45. Kxd4 g5) 45. Nf3 (45. Ne6 $14 {feels stronger.}) 45... f5+ 46. Kf4 Bc7+ 47. Ke3 $1 g5 48. Kf2 g4 49. hxg4+ fxg4 50. Nd2 Kh4 {[%emt 0:01:02] And now ...Kh3 would win.} 51. Kg2 Kg5 52. Nc4 Kf4 53. Kf2 Kg5 ({Black should play} 53... g3+ $11 54. Kg2 Bd8) 54. d4 $14 Kf6 55. d5 Bf4 $2 {[%emt 0:00:31][%mdl 8192] White stays focused until the end.} (55... Kg5 $14) 56. Nxa5 $18 {[%emt 0:00:20] White wants to mate with Nc6.} Ke5 57. Nc6+ Kxd5 58. Nxb4+ {[%emt 0:00:02] White mates.} Kd4 59. a5 Bc7 60. a6 Bb6 61. Kg3 Kc5 {[%emt 0:00:42] [#]} 62. c3 $1 Bc7+ 63. Kxg4 Bb8 64. Kf5 Kb6 65. Ke6 Bg3 66. Kd5 Be1 67. Kc4 Bg3 68. a7 Kxa7 69. Kb5 Kb7 70. c4 {[%emt 0:00:04] Weighted Error Value: White=0.37/Black=0.42} 1-0

[Event "26th Hit Open-A 2022"]
[Site "Nova Gorica"]
[Date "2022.09.17"]
[Round "2.33"]
[White "Pirs, Matjaz"]
[Black "Schloffer, Jasmin-Denise"]
[Result "1/2-1/2"]
[ECO "C47"]
[WhiteElo "2203"]
[BlackElo "2127"]
[Annotator "TA"]
[PlyCount "133"]
[EventDate "2022.09.16"]
[EventType "swiss"]
[EventCountry "SLO"]
[SourceTitle "playchess.com"]
[Source "ChessBase"]
[SourceQuality "1"]
[TimeControl "5400+30"]

1. e4 e5 2. Nc3 Nf6 3. Nf3 Nc6 4. d4 exd4 5. Nxd4 Bb4 6. Nxc6 bxc6 7. Bd3 d5 8. exd5 cxd5 {[%emt 0:00:05] 8...0-0 is more advanced technology.} 9. O-O O-O 10. h3 {[%emt 0:03:56] C47: Scotch Four Knights and Four Knights with 4 g3.} c6 11. Bf4 Bd6 12. Bxd6 Qxd6 13. Re1 Rb8 14. b3 Be6 {[%emt 0:01:39] [#]} 15. Ne2 $146 ({Predecessor:} 15. Qd2 Rfd8 16. Rad1 c5 17. Ne2 Qb6 18. Nf4 Rbc8 19. Qe2 c4 20. bxc4 dxc4 21. Be4 Rxd1 22. Rxd1 Re8 23. Qf3 Bxh3 24. Bxh7+ Kxh7 25. Nxh3 Qb2 26. Qf5+ Kg8 {½-½ (26) Keetman,M (2122)-Kalle,E (1862) Rotterdam 2016}) 15... c5 16. Ng3 g6 17. Qf3 Nd7 18. Rad1 f5 19. Qe3 Rbe8 20. Qg5 Kh8 21. Bb5 a6 22. Ba4 Bf7 23. Bxd7 Qxd7 24. Qf6+ Kg8 25. Rxe8 {[%emt 0:03:59] White is much more active.} (25. Qxa6 $16 Qc7 26. a4) 25... Rxe8 $11 26. Qg5 Qe7 {[%emt 0:01:03] The position is equal.} 27. Qd2 Qe5 28. Nf1 d4 29. Qd3 Qf6 30. Nd2 Qc6 31. Nf1 a5 32. Qd2 a4 33. Re1 Rxe1 34. Qxe1 axb3 35. axb3 {[%emt 0:00:19][%mdl 4096] Endgame KQB-KQN} Qe4 36. Qd2 ({Much worse is} 36. Qxe4 fxe4 37. Nd2 Bd5 $15) 36... Bd5 {[%emt 0:00:46][%csl Gd5][%cal Re4g2] [#]} 37. f3 Qe5 38. Kf2 f4 39. Qa5 Bf7 40. Qd8+ Kg7 41. Qd7 h5 42. Qb5 Qf5 43. Qe2 c4 44. bxc4 Qc5 {[%emt 0:00:00] [#] ( -> ...d3+)} 45. Ke1 Bxc4 46. Qe4 g5 47. Nd2 Bf7 48. Qd3 Bg6 49. Ne4 Qe5 50. Kf1 g4 51. hxg4 hxg4 52. Qe2 Be8 53. Nf2 Bb5 54. Nd3 Bxd3 55. Qxd3 {[%emt 0:00:12] KQ-KQ} g3 56. Qe2 Qd6 57. Qc4 Qb6 58. Qb3 Qc5 59. Qd3 Qb6 {[%emt 0:00:32] Hoping for ...Qb1+.} 60. Ke2 Kf6 61. Kd2 Qb4+ 62. Ke2 Qe7+ 63. Kd1 Qe3 {[%emt 0:00:38] And now ...Qg1+ would win.} 64. Qa6+ Kf5 {[%emt 0:00:13] Strongly threatening ...Qg1+.} 65. Qc8+ Ke5 {[%emt 0:00:47] aiming for ...Qg1+.} 66. Qc5+ Kf6 {[%emt 0:00:05] ...Qg1+ is the strong threat.} 67. Qf8+ {[%emt 0:00:04] Weighted Error Value: White=0.04 (flawless) /Black=0.02 (flawless)} 1/2-1/2

[Event "26th Hit Open-A 2022"]
[Site "Nova Gorica"]
[Date "2022.09.17"]
[Round "2.34"]
[White "Acimovic, Sergej"]
[Black "Labrovic, Jakov"]
[Result "1-0"]
[ECO "A40"]
[WhiteElo "2114"]
[BlackElo "1882"]
[Annotator "TA"]
[PlyCount "91"]
[EventDate "2022.09.16"]
[EventType "swiss"]
[EventCountry "SLO"]
[SourceTitle "playchess.com"]
[Source "ChessBase"]
[SourceQuality "1"]
[TimeControl "5400+30"]

1. d4 e5 2. dxe5 d6 3. Nf3 Nc6 4. Bf4 Bg4 5. exd6 Qf6 6. Qc1 {[%emt 0:01:23] A40: Unusual replies to 1 d4.} Bxd6 7. Bxd6 Qxd6 8. Qd2 {[%emt 0:06:56] White is slightly better.} O-O-O 9. Qxd6 Rxd6 {[%emt 0:00:18] [#]} 10. e3 $146 ({Predecessor:} 10. c3 Bxf3 11. gxf3 Nge7 12. Nd2 Rhd8 13. O-O-O f5 14. f4 Na5 15. e3 c5 16. Be2 {1-0 (38) Nedic,D (2352)-Kurth,M (2042) Hamburg 2010}) 10... Nf6 11. Bc4 Ne5 {[%emt 0:02:38] [#]} 12. Be2 Rhd8 13. Nc3 (13. Nxe5 $2 {[#] is a self mate.} Rd1+ $1 14. Bxd1 Rxd1#) 13... Nxf3+ 14. gxf3 Bh5 15. Rd1 Rb6 16. Rxd8+ Kxd8 17. b3 Rb4 18. e4 c6 19. Kd2 {[%emt 0:00:51] Threatens to win with Ke3.} Nd7 $2 {[%emt 0:05:46] A mistake that costs the game.} (19... Rd4+ $16 20. Ke3 Rd7) 20. Ke3 $18 f5 21. a3 ({Less strong is} 21. exf5 Rh4 22. Ne4 Nf6 23. Nxf6 gxf6 24. Rd1+ Ke7 $16) 21... f4+ 22. Kxf4 Rd4 23. Rd1 Rxd1 24. Nxd1 {[%emt 0:00:07][%mdl 4096] Endgame KBN-KBN} ({Much less strong is} 24. Bxd1 $6 Ke7 25. Be2 Nf8 $18) 24... Nc5 25. Ke5 Ke7 26. Nc3 Nd7+ 27. Kd4 a5 28. b4 axb4 29. axb4 b5 (29... Ke6 $142 30. Bc4+ Ke7) 30. f4 Be8 31. Bf3 Kd6 (31... Nf8 $142 32. Ke3 Ne6) 32. e5+ Kc7 33. f5 Nb6 34. Ne4 Nc4 35. Be2 Nb6 36. Nc5 Bf7 37. c3 Nd5 38. Bf3 {[%emt 0:00:48] aiming for Bxd5.} Ne7 39. Be4 h6 40. f4 Nc8 41. Ne6+ Bxe6 42. fxe6 {[%emt 0:00:05][%cal Bf5e6,Be6e7][%mdl 32] Threatening mate with f5.} Ne7 43. f5 {[%emt 0:00:17] White mates.} Nc8 44. f6 gxf6 45. exf6 Kd6 46. e7 {[%emt 0:00:05] Weighted Error Value: White=0.08 (flawless) /Black=0.26 (precise)} 1-0

[Event "26th Hit Open-A 2022"]
[Site "Nova Gorica"]
[Date "2022.09.17"]
[Round "2.35"]
[White "Markocic, Tine"]
[Black "Budai, Federico"]
[Result "1-0"]
[ECO "C24"]
[WhiteElo "2034"]
[BlackElo "1712"]
[Annotator "TA"]
[PlyCount "61"]
[EventDate "2022.09.16"]
[EventType "swiss"]
[EventCountry "SLO"]
[SourceTitle "playchess.com"]
[Source "ChessBase"]
[SourceQuality "1"]
[TimeControl "5400+30"]

1. e4 e5 2. Bc4 Nf6 3. d3 c6 4. Nf3 d5 5. Bb3 a5 {[%emt 0:01:37][%cal Ba7a5,Ba5a4][%mdl 32] [#] Threatens to win with ...a4.} 6. c3 {[%emt 0:13:15] C24: Bishop's Opening: 2...Nf6.} (6. Nxe5 $2 a4 7. Bxd5 cxd5 8. exd5 Nxd5 $19) 6... Bg4 7. h3 Bxf3 8. Qxf3 {[%emt 0:00:05] The position is equal.} a4 9. Bc2 {[%emt 0:00:32] [#]} dxe4 $146 ({Predecessor:} 9... Be7 10. O-O O-O 11. Nd2 a3 12. Rd1 axb2 13. Bxb2 Ba3 14. Rab1 Bxb2 15. Rxb2 Nbd7 16. Rxb7 Rxa2 {½-½ (47) Kotsur,P (2566)-Hovhannisyan,R (2379) Zvenigorod 2008}) 10. dxe4 Qc7 11. Nd2 Nbd7 12. Nf1 g6 13. Ne3 Bg7 14. O-O O-O 15. Ng4 Nxg4 16. hxg4 Nf6 17. Rd1 Qc8 18. g5 Nd7 19. Be3 Qc7 20. Rd3 {[%emt 0:05:14][%cal Oc2a4] Bxa4! is the strong threat. White is much more active.} b5 21. Rad1 Nb6 22. b3 Rad8 (22... axb3 $14 23. axb3 Rfd8) 23. Bc5 $16 Rfe8 (23... Rxd3 $142 24. Qxd3 (24. Rxd3 Rd8 $16) 24... Ra8) 24. Qe3 Nd7 (24... Rxd3 $16 25. Rxd3 (25. Qxd3 axb3 26. Bxb3 Bf8 $16) 25... Nd7) 25. Bd6 ({Less strong is} 25. bxa4 Nxc5 26. Qxc5 Rxd3 27. Rxd3 (27. Bxd3 Bf8 $11) 27... Bf8 $16) 25... Qa5 26. bxa4 bxa4 27. Bb4 {[%emt 0:00:09] A strong pair of Bishops.} Qc7 28. Bxa4 {[%emt 0:00:39] [#] And now Qd2 would win.} Nb6 (28... Nf8 $142 29. Qc5 Rxd3 30. Rxd3 Ne6 31. Qxc6 Qxc6 32. Bxc6 Rc8) 29. Rxd8 $18 Rxd8 30. Rxd8+ Qxd8 31. Ba5 {[%emt 0:00:38] Weighted Error Value: White=0.10 (very precise) /Black=0.35} 1-0